 Dungeon Crawl Stone Soup version 0.31-a0-881-ge136f0c47a (webtiles) character file.

Game seed: 13746066867911164047

70 Kurtz the Sneak (level 4, 0/42 HPs)
             Began as a Naga Delver on Oct 15, 2023.
             Was an Initiate of Makhleb.
             Slain by an adder (4 damage)
             ... on level 4 of the Dungeon.
             The game lasted 00:01:21 (372 turns).

Kurtz the Sneak (Naga Delver)                        Turns: 372, Time: 00:01:22

Health: 0/42       AC:  2    Str: 16    XL:     4   Next: 21%
Magic:  6/6        EV:  9    Int: 11    God:    Makhleb [......]
Gold:   28         SH:  0    Dex: 18    Spells: 3/3 levels left

rFire   . . .        h - +4 hand axe of the Original Sin {flame, rElec rPois Dex+6}
rCold   . . .        (no shield)
rNeg    . . .        b - +0 leather armour
rPois   +            (no helmet)
rElec   +            (no cloak)
rCorr   .            (no gloves)
SInv    +            (no barding)
Will    .....        (no amulet)
Stlth   ++++         (no ring)
HPRegen 0.27/turn    (no ring)
MPRegen 0.10/turn

%: no passive effects
@: very slow
A: AC +1, large, see invisible, deformed body, poison resistance, slowness 2,
spit poison 1, naga tail 1
a: Spit Poison, Renounce Religion


You were on level 4 of the Dungeon.
You worshipped Makhleb.
Makhleb was noncommittal.
You visited 2 branches of the dungeon, and saw 3 of its levels.

You collected 28 gold pieces.

Inventory:

Hand Weapons
 a - a +0 hand axe
 h - the +4 hand axe of the Original Sin (weapon) {flame, rElec rPois Dex+6}
   (You found it on level 5 of the Dungeon)

   Dex+6:     It affects your dexterity (+6).
   rElec:     It insulates you from electricity.
   rPois:     It protects you from poison
Armour
 b - a +0 leather armour (worn)
Wands
 g - a wand of digging (3)
Scrolls
 c - a scroll of fog
 d - a scroll of revelation
 e - a scroll of fear
 i - a scroll of enchant armour {unknown}
Potions
 f - a potion of haste


   Skills:
 - Level 3.0 Fighting
 * Level 3.2 Axes
 - Level 1.5 Dodging
 - Level 7.2 Stealth
 * Level 2.9 Invocations


You had 3 spell levels left.
You didn't know any spells.
Your spell library contained the following spells:

 Spells                   Type           Power      Damage    Failure   Level
 Ensorcelled Hibernation  Hex/Ice        0%         N/A       54%         2
 Jinxbite                 Hex            0%         N/A       54%         2
 Tukima's Dance           Hex            0%         N/A       78%         3
 Anguish                  Hex/Necr       0%         N/A       99%         4
 Animate Armour           Summ/Erth      0%         N/A       99%         4
 Passage of Golubria      Tloc           0%         N/A       99%         4
 Summon Lightning Spire   Summ/Air       0%         N/A       99%         4
 Lee's Rapid Deconstruct  Erth           0%         3d4*      100%        5
 Yara's Violent Unravell  Hex/Tmut       0%         3d3       100%        5


Dungeon Overview and Level Annotations

Branches:
Dungeon (5/15)             Temple (1/1) D:5

Altars:
Ashenzari
Cheibriados
Elyvilon
Hepliaklqana
Makhleb
Nemelex Xobeh
Qazlal
Ru
Sif Muna
Vehumet
Xom
Yredelemnul
Zin
The Shining One

Shops:
D:4 *

Annotations:
D:5 exclusions: black bear, door and jelly


Innate Abilities, Weirdness & Mutations

Your serpentine skin is tough. (AC +1)
You have supernaturally acute eyesight. (SInv)
Armour fits poorly on your strangely shaped body.
Your system is resistant to poisons. (rPois)
You cover ground very slowly.
You can spit poison.
You have a snake-like lower body.


Message History

You can't go down here!
You climb upwards.
The adder hisses angrily.
Found 2 inky potions.
There is a stone staircase leading down here.
The adder bites you. x2
You hit the adder. You burn the adder.
The adder is severely wounded.
The adder barely misses you.
You closely miss the adder.
The adder is severely wounded.
The adder bites you. The adder closely misses you.
You hit the adder. You burn the adder.
You kill the adder!
Makhleb accepts your kill.
No target in view!
No target in view!
No target in view!
You open the door.
An adder, a ball python and a water moccasin come into view.
The water moccasin hisses angrily.
The ball python hisses angrily.
The adder hisses angrily.
Found Tyept's Serpentskin Sales.
The water moccasin bites you. The adder bites you. The ball python bites you.
The water moccasin bites you!
There is an open door, spattered with blood here.
Unknown command.
Unknown command.
The adder bites you but does no damage.
The water moccasin attacks as it pursues you!
The water moccasin bites you.
* * * LOW HITPOINT WARNING * * *
The adder misses you. The water moccasin bites you.
* * * LOW HITPOINT WARNING * * *
The adder bites you.
* * * LOW HITPOINT WARNING * * *
The water moccasin closely misses you.
There is a stone staircase leading down here.
The adder attacks as it pursues you! The adder bites you.
You die...

#.# #.# #.# #.#
#.# #.# #.# #
#@# ####
#..#.###S##...#
#....†...SS.∩.+
##.....!..#...#
##############


You could see a water moccasin and an adder.

Vanquished Creatures
  A scorpion (D:5)
  An adder (D:4)
2 creatures vanquished.

Notes
Turn   | Place    | Note
-------+----------+-------------------------------------------
     0 | D:5      | Kurtz the Naga Delver began the quest for the Orb.
     0 | D:5      | Reached XP level 1. HP: 21/21 MP: 1/1
    17 | D:5      | Found a staircase to the Ecumenical Temple.
    26 | D:5      | Identified the +4 hand axe of the Original Sin {flame,
                  | rElec rPois Dex+6}
    32 | Temple   | Entered the Ecumenical Temple
    98 | Temple   | Became a worshipper of Makhleb the Destroyer
   138 | D:4      | Noticed an orc wizard
   144 | D:5      | Noticed a wyvern
   220 | D:5      | Noticed a jelly
   283 | D:5      | Noticed a scorpion
   292 | D:5      | Killed a scorpion
   293 | D:5      | Reached XP level 2. HP: 19/28 MP: 2/4
   293 | D:5      | Reached XP level 3. HP: 23/34 MP: 2/5
   293 | D:5      | Reached XP level 4. HP: 29/42 MP: 2/6
   342 | D:5      | Noticed a black bear
   368 | D:4      | Found Tyept's Serpentskin Sales.
   368 | D:4      | Noticed a water moccasin
   372 | D:4      | Slain by an adder

Illustrated notes

Levels and vault maps discovered:
D:4:      minmay_octagon_keep, layout_loops_ring, general_overflow_altar,
          palyth_stone_intersect, nrook_uturn, minmay_misc_feat_tower,
          guppyfry_shop_venom
D:5:      layout_basic, mainiacjoe_overflow_alcove_1,
          minmay_temple_entry_offerings, uniq_pikel
Temple:   dshaligram_water_room_temple

Skill      XL: |  1 |
---------------+----+-----
Axes           | 3 |  3.2
Invocations    | 2 |  2.9
Fighting       | |  3.0
Dodging        | |  1.5
Stealth        | |  7.2

Action                     |  1- 3 |  4- 6 || total
---------------------------+-------+-------++-------
  Melee: Hand axe          |     2 |     3 ||     5
Ability: Spit Poison       |     2 |       ||     2
 Armour: Leather armour    |     2 |    12 ||    14
  Dodge: Dodged            |     1 |     4 ||     5

Table legend: (Time is in decaauts)
 A = Elapsed time spent in this place.
 B = Non-inter-level travel time spent in this place.
 C = Inter-level travel time spent in this place.
 D = Time resting spent in this place.
 E = Time spent auto-exploring this place.
 F = Levels seen in this place.
 G = Mean time per level.
                   A        B        C        D        E       F      G
               +--------+--------+--------+--------+--------+-----+--------+
         Total |    489 |    467 |     22 |     39 |    177 |   3 |  163.0 |
       Dungeon |    384 |    375 |      9 |     39 |    177 |   2 |  192.0 |
        Temple |    104 |     92 |     12 |      0 |      0 |   1 |  104.0 |
               +--------+--------+--------+--------+--------+-----+--------+

Top non-repeatable levels by time:
     D:5: 360 daAuts
  Temple: 104 daAuts
     D:4: 23 daAuts
